 Dungeon Crawl Stone Soup version 0.31.0-12-g77e489cdc1 (webtiles) character file.

Game seed: 7445675140936196257

91 jagang the Slasher (level 4, -6/36 HPs)
             Began as a Human Monk on Mar 7, 2024.
             Mangled by Grinder (8 damage)
             ... on level 3 of the Dungeon.
             The game lasted 00:02:46 (2521 turns).

jagang the Slasher (Human Monk)                     Turns: 2521, Time: 00:02:47

Health: -6/36      AC:  6    Str: 11    XL:     4   Next: 57%
Magic:  4/4        EV: 12    Int: 11    God:
Gold:   66         SH:  0    Dex: 17    Spells: 3/3 levels left

rFire   . . .        n - +0 rapier
rCold   . . .        d - orb {light}
rNeg    . . .        j - +0 leather armour
rPois   .            o - +0 helmet
rElec   .            (no cloak)
rCorr   .            (no gloves)
SInv    .            p - +1 pair of boots
Will    .....        (no amulet)
Stlth   +            (no ring)
HPRegen 0.26/turn    (no ring)
MPRegen 0.09/turn

%: no passive effects
@: glowing
A: explore regen
a: no special abilities


You were on level 3 of the Dungeon.
You visited 1 branch of the dungeon, and saw 3 of its levels.

You collected 66 gold pieces.

Inventory:

Hand Weapons
 a - a +0 falchion
 n - a +0 rapier (weapon)
Armour
 d - an orb of light (worn)
 j - a +0 leather armour (worn)
 o - a +0 helmet (worn)
 p - a +1 pair of boots (worn)
Jewellery
 b - a ring of magical power
Scrolls
 f - a scroll of identify {unknown}
 h - a scroll of poison {unknown}
 l - a scroll of vulnerability {unknown}
Potions
 c - a potion of ambrosia
 e - a potion of brilliance {unknown}
 g - a potion of cancellation {unknown}
 i - a potion of heal wounds {unknown}
 k - a potion of magic {unknown}
 m - a potion of might {unknown}


   Skills:
 + Level 3.6 Fighting
 * Level 4.3 Long Blades
 + Level 1.6 Armour
 - Level 3.0 Dodging


You had 3 spell levels left.
You didn't know any spells.
Your spell library contained the following spells:

 Spells                   Type           Power      Damage    Failure   Level
 Sting                    Conj/Alch      0%         1d3       43%         1
 Mercury Vapours          Alch/Air       0%         N/A       56%         2
 Olgreb's Toxic Radiance  Alch           0%         N/A       99%         4


Dungeon Overview and Level Annotations

Branches:
Dungeon (3/15)

Altars:
Trog

Annotations:
D:3 Grinder


Innate Abilities, Weirdness & Mutations

You regain HP and MP as you explore.


Message History

You hit Grinder.
Grinder is lightly wounded.
Grinder hits you but does no damage.
You hit Grinder.
Grinder is lightly wounded.
Grinder hits you.
You writhe in agony.
You hit Grinder but do no damage.
Grinder is lightly wounded.
Grinder hits you!
You writhe in agony.
* * * LOW HITPOINT WARNING * * *
You hit Grinder.
Grinder is lightly wounded.
Grinder misses you.
You hit Grinder.
Grinder is moderately wounded.
Grinder barely misses you.
You hit Grinder.
Grinder is moderately wounded.
Grinder closely misses you. Grinder hits you but does no damage.
You barely miss Grinder.
Grinder is moderately wounded.
Grinder hits you but does no damage.
You hit Grinder.
Grinder is moderately wounded.
Grinder hits you.
* * * LOW HITPOINT WARNING * * *
You writhe in agony.
* * * LOW HITPOINT WARNING * * *
You hit Grinder but do no damage.
Grinder is moderately wounded.
Grinder hits you but does no damage.
You hit Grinder but do no damage.
Grinder is moderately wounded.
Grinder hits you.
* * * LOW HITPOINT WARNING * * *
You hit Grinder.
Grinder is heavily wounded.
Grinder hits you!
You die...
Grinder says, "Hey, I wasn't done torturing you yet!"

#.###### #.# #.# #.# #.#
#.# #.# #.# #.# ##.# #.#
#..# #.# #.## #.# #.#
_.######@###### ####.#
....$..5........ ..##.#
#.........###### #.##.#
#..#####..# #.##.# # #..#
#######.##.# #..#
#..†.......#
#..###.###......#
#.######....).....#.#.###
#.............#####.#....


You could see Grinder.

Vanquished Creatures
  2 adders (D:2)
  A dart slug (D:3)
  2 ribbon worms (D:2)
  3 ball pythons (D:1)
  6 bats
  6 endoplasms
  8 goblins
  6 hobgoblins
  6 jackals (D:3)
  3 quokkas
  4 frilled lizards
  6 kobolds
  6 rats
59 creatures vanquished.

Notes
Turn   | Place    | Note
-------+----------+-------------------------------------------
     0 | D:1      | jagang the Human Monk began the quest for the Orb.
     0 | D:1      | Reached XP level 1. HP: 18/18 MP: 1/1
    72 | D:1      | Reached XP level 2. HP: 24/24 MP: 2/2
   448 | D:1      | Reached skill level 1 in Armour
   549 | D:1      | Reached XP level 3. HP: 27/29 MP: 3/3
  1244 | D:2      | Reached skill level 4 in Long Blades
  1244 | D:2      | Reached XP level 4. HP: 27/35 MP: 4/4
  2064 | D:3      | Found a faded altar of an unknown god.
  2499 | D:3      | Found a bloodstained altar of Trog.
  2499 | D:3      | Noticed Grinder
  2507 | D:3      | Paralysed by Grinder for 4 turns
  2520 | D:3      | HP: 1/36 [Grinder (6)]
  2521 | D:3      | Mangled by Grinder

Illustrated notes

Levels and vault maps discovered:
D:1:      dpeg_arrival_oval, layout_loops_corners
D:2:      layout_basic, chequers_serial_rivers_small_a
D:3:      layout_loops_ring, bloody_trog, lemuel_doored_altar,
          hellmonk_ecumenical_altar_arch_garden, chequers_serial_rivers_micro_b,
          uniq_ijyb, uniq_grinder

Skill      XL: |  1  2  3 |
---------------+----------+-----
Armour         | 1 |  1.6
Long Blades    | 4 |  4.3
Fighting       | |  3.6
Dodging        | |  3.0

Action                     |  1- 3 |  4- 6 || total
---------------------------+-------+-------++-------
  Melee: Falchion          |    82 |    45 ||   127
         Rapier            |       |    37 ||    37
 Armour: Robe              |    43 |     2 ||    45
         Leather armour    |       |    51 ||    51
  Dodge: Dodged            |    73 |    53 ||   126
